Map: Heavy Artillery LE

Players

Lexabarbos - Winner!

  • Race: Terran Terran
  • League: Diamond
  • Spawn Location: 1:00

Glückspilz - Winner!

  • Race: Terran Terran
  • League: Diamond
  • Spawn Location: 3:00

Massa

  • Race: Terran Terran
  • League: Platinum
  • Spawn Location: 7:00

qqq

  • Race: Zerg Zerg
  • Spawn Location: 7:00

VOD

Have the link to the VOD?

Description

Time

  • Played on: Nov. 15, 2020, 8:07 a.m.
  • Length: 18:37
Show
View Real Time Build Order
Export as new Build Order

Lexabarbos Terran - Winner!

Build Orders:  

Get SALT Encoding   

  12  0:01  SCV  
  13  0:15  Supply Depot  
  13  0:18  SCV  
  14  0:30  SCV  
  15  0:39  Barracks  
  15  0:43  SCV  
  16  0:55  Refinery, SCV  
  17  1:08  SCV  
  18  1:20  SCV  
  19  1:30  Marine  
  20  1:35  Command Center  
  20  1:36  SCV  
  21  1:44  Refinery  
  21  1:48  SCV  
  22  2:02  Marine  
  23  2:09  Factory  
  23  2:11  Orbital Command  
  23  2:44  Supply Depot  
  23  2:46  SCV, Marine  
  25  2:55  Supply Depot  
  25  2:58  SCV, Factory Tech Lab  
  25  3:05  SCV  
  27  3:09  Starport  
  27  3:10  SCV  
  28  3:17  Engineering Bay  
  29  3:27  SCV  
  29  3:29  SCV  
  29  3:33  Marine  
  31  3:39  SCV  
  31  3:41  SCV  
  33  3:44  Supply Depot  
  33  3:45  Siege Tank  
  36  3:50  Starport Tech Lab  
  36  3:51  SCV  
  36  3:53  SCV  
  36  3:54  Refinery  
  38  4:06  Supply Depot  
  38  4:10  Fusion Core  
  38  4:15  Orbital Command  
  38  4:16  Starport, SCV  
  39  4:29  SCV, Supply Depot  
  40  4:38  Viking  
  40  4:40  SCV  
  40  4:41  SCV  
  44  4:46  Refinery  
  44  4:53  SCV x2  
  46  5:03  Starport Tech Lab  
  46  5:05  SCV x2  
  48  5:07  Weapon Refit  
  48  5:17  SCV  
  49  5:24  Supply Depot  
  49  5:26  Battlecruiser  
  55  5:33  SCV x2  
  57  5:45  SCV x2  
  59  5:56  Command Center  
  59  6:00  Battlecruiser  
  65  6:05  Armory  
  65  6:37  Battlecruiser  
  71  6:51  SCV  
  72  6:56  Terran Ship Weapons Level 1  
  72  6:57  Armory  
  72  7:03  SCV  
  73  7:15  SCV  
  74  7:17  SCV  
  74  7:18  SCV  
  76  7:27  SCV  
  76  7:29  SCV  
  78  7:30  SCV  
  78  7:36  Battlecruiser  
  85  7:39  SCV  
  85  7:42  SCV x2  
  85  7:43  Refinery  
  88  7:45  Refinery  
  88  7:50  Starport, Battlecruiser  
  94  7:51  SCV, Terran Vehicle And Ship Armor Level 1  
  94  7:54  SCV  
  96  8:03  SCV  
  96  8:04  SCV  
  98  8:06  SCV  
  99  8:15  SCV  
  99  8:16  SCV  
  101  8:28  Missile Turret, Supply Depot  
  101  8:40  Starport Tech Lab  
  101  8:50  SCV x3  
  101  8:52  Supply Depot  
  104  9:02  SCV x2  
  106  9:14  Battlecruiser  
  106  9:16  Supply Depot  
  92  9:37  Orbital Command  
  86  9:49  Terran Vehicle And Ship Armor Level 2, Starport  
  86  9:50  Terran Ship Weapons Level 2  
  86  9:54  Starport, Viking x2  
  90  10:00  Starport  
  90  10:12  Command Center  
  90  10:18  Viking  
  92  10:24  Viking x2  
  96  10:35  Starport Reactor  
  92  10:36  Starport Reactor  
  92  10:45  Starport Reactor  
  92  10:48  Viking  
  94  11:01  Supply Depot  
  94  11:03  Supply Depot  
  94  11:13  Starport Tech Lab  
  94  11:14  Starport Tech Lab  
  94  11:15  Viking x4  
  94  11:18  Viking  
  104  11:23  Supply Depot  
  104  11:26  Supply Depot  
  104  11:31  Planetary Fortress  
  104  11:44  Refinery  
  104  11:45  Viking x4  
  104  11:46  Refinery, Battlecruiser, Supply Depot  
  104  11:47  Battlecruiser  
  124  11:48  Viking  
  124  11:50  Supply Depot  
  126  12:07  Missile Turret  
  126  12:15  Viking x2, Battlecruiser x2  
  136  12:18  Battlecruiser  
  148  12:27  Missile Turret  
  148  12:29  Terran Ship Weapons Level 3  
  148  12:40  SCV  
  149  12:47  Terran Vehicle And Ship Armor Level 3  
  149  12:48  Missile Turret  
  149  12:52  SCV  
  150  13:00  Battlecruiser  
  150  13:04  SCV  
  157  13:15  Command Center  
  157  13:16  SCV  
  158  13:23  Battlecruiser  
  158  13:26  Battlecruiser  
  170  13:28  SCV  
  170  13:30  Missile Turret  
  170  13:34  Sensor Tower  
  171  13:37  Viking x3  
  177  13:50  Missile Turret  
  177  14:07  Battlecruiser  
  183  14:12  Missile Turret  
  183  14:22  Battlecruiser  
  188  14:37  Missile Turret  
  188  14:48  Supply Depot  
  188  14:56  Battlecruiser  
  188  14:58  Battlecruiser  
  200  15:13  Supply Depot  
  194  15:14  Battlecruiser  
  174  15:46  Battlecruiser x2  
  184  16:00  Battlecruiser  
  184  16:02  Battlecruiser  
  190  16:36  Battlecruiser  
  190  17:00  Battlecruiser x2  
Show
View Real Time Build Order
Export as new Build Order

Glückspilz Terran - Winner!

Build Orders: Liberator Opening 

Get SALT Encoding   

  12  0:02  SCV  
  13  0:16  SCV  
  13  0:19  Supply Depot  
  14  0:28  SCV  
  15  0:41  SCV  
  16  0:46  Barracks  
  16  0:51  Refinery  
  16  0:53  SCV  
  17  1:05  SCV  
  18  1:17  SCV  
  20  1:33  Orbital Command  
  20  1:35  Reaper  
  20  1:40  Command Center  
  20  2:00  SCV  
  21  2:04  Refinery  
  21  2:05  Supply Depot  
  21  2:12  SCV  
  22  2:16  Factory  
  22  2:24  SCV  
  22  2:29  Barracks Reactor  
  23  2:36  SCV  
  24  2:48  SCV  
  25  3:00  SCV  
  25  3:04  Starport  
  26  3:11  Orbital Command  
  26  3:12  SCV  
  27  3:14  Refinery  
  27  3:18  Barracks Tech Lab  
  27  3:19  Hellion x2  
  31  3:24  SCV  
  32  3:37  SCV  
  33  3:46  Factory  
  33  3:47  Hellion x2  
  37  3:49  SCV  
  37  3:55  Liberator, Engineering Bay  
  38  4:01  SCV  
  42  4:04  Refinery  
  42  4:13  SCV  
  43  4:18  Supply Depot  
  43  4:22  Command Center  
  43  4:31  Missile Turret  
  43  4:32  Factory Tech Lab  
  43  4:35  SCV x2  
  45  4:47  SCV x2  
  45  4:49  Hellion x2  
  51  4:58  Mag-Field Accelerator  
  51  4:59  SCV x2  
  53  5:00  Factory  
  53  5:08  Supply Depot  
  53  5:11  SCV, Supply Depot  
  54  5:22  Supply Depot x2  
  54  5:26  SCV, Raven  
  54  5:30  SCV  
  54  5:32  Cyclone  
  58  5:37  Orbital Command  
  58  5:39  SCV  
  58  5:42  SCV  
  60  5:47  Factory Tech Lab  
  60  5:51  SCV  
  60  5:54  SCV  
  62  6:02  Factory  
  62  6:03  SCV, Hellion  
  62  6:04  Cyclone, Hellion  
  67  6:08  Infernal Pre-Igniter  
  70  6:15  SCV x2  
  70  6:17  Refinery  
  72  6:19  Refinery  
  72  6:26  SCV  
  72  6:27  SCV x2  
  75  6:36  Cyclone  
  75  6:39  SCV x2  
  81  6:40  SCV  
  81  6:43  Cyclone  
  81  6:44  Hellion x2  
  88  6:51  SCV x2  
  88  6:52  SCV  
  88  6:53  Factory Tech Lab  
  91  6:57  Armory  
  91  6:58  Armory  
  91  6:59  Factory  
  91  7:03  SCV  
  91  7:04  Raven  
  94  7:15  SCV  
  95  7:20  Cyclone  
  95  7:21  Hellion  
  100  7:24  Supply Depot  
  100  7:26  Supply Depot  
  100  7:27  Supply Depot  
  100  7:28  SCV  
  101  7:35  Supply Depot x2  
  101  7:37  Supply Depot  
  101  7:46  Cyclone, Hellion x2, SCV  
  101  7:47  SCV x2, Cyclone  
  101  7:48  Terran Vehicle And Ship Armor Level 1, Terran Vehicle Weapons Level 1  
  116  7:52  Cyclone  
  116  7:58  Factory Tech Lab, SCV  
  118  8:12  SCV x3  
  121  8:13  Missile Turret x2  
  121  8:14  Missile Turret  
  121  8:17  Command Center  
  121  8:22  Cyclone x3, Hellion x2  
  121  8:24  Cyclone  
  137  8:54  Starport  
  137  8:55  Starport  
  137  8:56  Starport  
  125  9:41  Thor, Siege Tank x3  
  125  9:42  Starport Tech Lab  
  125  9:44  Starport Reactor x3  
  140  9:52  Terran Vehicle And Ship Armor Level 2, Terran Vehicle Weapons Level 2  
  140  9:55  Orbital Command  
  140  10:13  Thor  
  146  10:31  Liberator x4  
  146  10:34  Refinery  
  146  10:35  Refinery  
  158  10:38  Refinery  
  158  10:39  Fusion Core  
  158  10:40  Refinery  
  158  10:41  Command Center  
  158  10:51  Orbital Command  
  150  11:10  Factory  
  147  11:11  Factory  
  144  11:27  Thor x2, Siege Tank x2  
  144  11:28  Hellbat  
  164  11:50  Supply Depot x2  
  164  11:51  Supply Depot  
  164  11:52  Liberator, Supply Depot x2  
  164  11:53  SCV x4, Hellbat x2  
  175  11:55  Factory Tech Lab x2  
  175  12:01  Liberator  
  175  12:05  SCV  
  179  12:11  SCV x2, Liberator  
  179  12:12  SCV  
  185  12:17  Orbital Command  
  185  12:46  Thor, Siege Tank x2  
  185  12:47  Hellbat  
  185  12:48  Orbital Command  
  199  13:00  Terran Vehicle And Ship Armor Level 3, Terran Vehicle Weapons Level 3  
  199  13:07  Advanced Ballistics  
  199  13:11  SCV  
  200  13:15  Command Center x2  
  200  13:17  Command Center  
  200  13:21  Command Center  
  198  13:45  Liberator  
  198  13:52  Hellion x3  
  197  14:50  Orbital Command  
  197  14:51  Orbital Command x3  
  109  15:31  Liberator x4  
  109  15:32  Liberator  
  116  15:45  Hellbat, Thor x2, Siege Tank x4  
  116  15:46  Hellbat  
  144  16:06  Hellbat  
  144  16:07  Hellbat  
  148  16:17  Thor, Siege Tank x3  
  154  16:27  Thor  
  154  16:28  Orbital Command, Thor, Hellbat  
  154  16:29  Hellbat  
  170  16:35  Liberator x4  
  182  16:49  Thor x2, Hellbat  
  182  16:50  Hellbat x2  
  200  17:20  Siege Tank  
Show
View Real Time Build Order
Export as new Build Order

Massa Terran 

Build Orders:  

Get SALT Encoding   

  12  0:00  SCV  
  13  0:12  SCV  
  14  0:25  SCV, Supply Depot  
  15  0:29  Refinery  
  15  0:47  SCV, Barracks  
  16  0:59  SCV  
  17  1:11  SCV  
  18  1:23  SCV  
  19  1:35  SCV  
  19  1:37  Reaper  
  21  1:43  Command Center  
  21  1:47  Orbital Command  
  21  2:04  Factory  
  21  2:09  Marine  
  21  2:10  Bunker  
  21  2:14  SCV  
  23  2:25  Supply Depot  
  23  2:27  Barracks Reactor  
  23  2:42  Supply Depot  
  23  3:01  Orbital Command  
  23  3:03  Refinery, SCV  
  24  3:06  Starport  
  24  3:13  Factory Reactor, Supply Depot  
  24  3:14  Marine x2  
  24  3:15  SCV  
  27  3:28  SCV  
  27  3:31  SCV  
  29  3:40  SCV, Marine x2, Supply Depot  
  32  3:43  SCV  
  33  3:52  SCV  
  33  3:55  SCV  
  35  3:58  Marine  
  35  4:00  Starport Reactor  
  36  4:04  SCV  
  36  4:05  Factory Tech Lab  
  36  4:07  SCV  
  38  4:13  Command Center  
  38  4:16  SCV  
  39  4:19  SCV  
  40  4:26  Barracks  
  40  4:28  Refinery, SCV  
  40  4:29  Supply Depot  
  41  4:32  Engineering Bay  
  41  4:41  Medivac  
  41  4:42  Barracks  
  41  4:43  Siege Tank  
  41  4:45  Marine  
  46  4:51  Marine  
  48  4:58  Missile Turret  
  48  5:07  Medivac  
  50  5:15  Siege Tank  
  52  5:42  Barracks Tech Lab x2  
  52  5:43  Marine x2  
  52  5:49  SCV x2  
  57  5:50  Orbital Command  
  57  5:55  Refinery  
  56  6:01  SCV x2, Marine x2  
  60  6:13  SCV x2  
  60  6:15  Missile Turret  
  60  6:18  Starport, Missile Turret  
  62  6:22  Starport  
  62  6:25  SCV, Viking x2  
  67  6:39  Missile Turret  
  67  6:43  Marine  
  67  6:44  Marine  
  67  6:46  Combat Shield, Stimpack  
  69  6:55  Viking  
  62  7:17  Missile Turret  
  62  7:18  Viking x2  
  62  7:21  Viking  
  68  7:24  SCV x2, Viking  
  75  7:30  Cyclone  
  75  7:33  Orbital Command, Marine x2  
  75  7:36  SCV x2  
  79  7:43  Armory  
  79  7:48  SCV x2  
  79  7:49  Starport Reactor  
  79  7:51  Marine, Viking  
  84  7:59  Refinery  
  84  8:01  SCV  
  84  8:02  SCV x2  
  87  8:06  Refinery  
  87  8:13  SCV, Missile Turret, Viking x2  
  87  8:14  SCV  
  93  8:22  Supply Depot  
  93  8:23  Supply Depot  
  93  8:25  Supply Depot  
  93  8:44  SCV x3, Viking  
  98  8:53  Sensor Tower  
  98  8:58  SCV, Missile Turret  
  98  8:59  SCV x2  
  98  9:02  Sensor Tower  
  93  9:11  SCV x3  
  93  9:13  Marauder x2  
  100  9:19  Missile Turret  
  100  9:23  SCV x3  
  92  9:34  Marauder x2  
  92  9:35  SCV  
  85  9:39  Marine x2  
  85  9:40  Siege Tank  
  85  9:42  Viking x2  
  85  9:43  Viking  
  96  9:51  Barracks  
  96  9:52  Barracks  
  96  9:56  Marauder x2, Marine x2  
  102  10:12  Siege Tank  
  105  10:14  Marine x2, Command Center  
  105  10:16  Viking x5  
  117  10:40  Terran Infantry Weapons Level 1  
  117  10:41  Supply Depot x2  
  117  10:42  Supply Depot  
  117  10:44  Supply Depot  
  117  10:46  Engineering Bay  
  117  10:47  Starport Reactor  
  117  11:01  Barracks Reactor  
  117  11:02  Marine, Viking x4, Siege Tank  
  117  11:03  Marauder x2  
  130  11:04  Barracks Tech Lab  
  130  11:05  Supply Depot  
  130  11:09  Supply Depot  
  130  11:16  Marine  
  131  11:20  Marine  
  131  11:24  Marauder x2  
  136  11:30  Marauder  
  136  11:32  Viking  
  140  11:34  Terran Infantry Armor Level 1, Marine, Siege Tank  
  140  11:38  Terran Vehicle And Ship Armor Level 1, Marine  
  145  11:42  Concussive Shells  
  145  11:45  Marauder x2  
  149  11:51  Marauder, Marine  
  152  11:56  Marine  
  153  12:06  SCV x3  
  153  12:07  Marauder x2, Siege Tank  
  163  12:11  Missile Turret  
  163  12:12  Missile Turret x2  
  163  12:13  Marauder  
  163  12:15  Missile Turret  
  165  12:18  SCV x3  
  168  12:28  Marauder x2  
  172  12:30  SCV x3, Missile Turret  
  172  12:31  Missile Turret  
  172  12:32  Missile Turret  
  172  12:33  Planetary Fortress, Missile Turret x2  
  172  12:34  Marauder, Missile Turret x2  
  177  12:38  Sensor Tower  
  177  12:42  SCV x3  
  180  12:51  Missile Turret  
  180  12:53  Missile Turret, Supply Depot x3  
  180  12:54  Missile Turret, Supply Depot x2  
  180  12:58  Supply Depot  
  180  13:14  Medivac x4  
  180  13:15  SCV, Marauder, Siege Tank  
  180  13:16  Supply Depot  
  194  13:25  Refinery  
  194  13:27  Refinery  
  194  13:38  Sensor Tower  
  194  13:47  Siege Tank  
  197  13:55  Terran Ship Weapons Level 1  
  197  14:00  Terran Infantry Armor Level 2, Terran Infantry Weapons Level 2  
  197  14:01  Armory  
  189  14:43  Marauder x3, Marine x3  
  189  14:44  Marine  
  181  15:21  Marauder x3, Marine  
  172  15:22  Marine x3  
  140  15:32  Viking x4  
  140  15:33  Viking x2  
  129  15:36  Thor  
  129  15:39  Marine  
  129  15:40  Marine x3  
  129  15:42  Marauder  
  120  15:43  Marauder x2  
  120  15:51  Barracks  
  120  15:52  Barracks  
  120  15:54  Barracks  
  120  15:56  Barracks  
  115  15:57  Marine x2  
  115  16:02  Viking x4  
  115  16:03  Marauder  
  126  16:04  Marauder x2  
  121  16:12  Command Center, Viking x2  
  121  16:14  Marine  
  121  16:15  Marine x2  
  128  16:19  Thor  
  128  16:25  Marauder x3, Missile Turret  
  139  16:26  Missile Turret  
  139  16:27  Missile Turret x2  
  139  16:32  Marine, Viking x2  
  148  16:33  Marine x2  
  150  16:42  Viking  
  150  16:45  Missile Turret  
  150  16:46  Marauder, Missile Turret x2  
  133  16:47  Marauder, Missile Turret  
  133  16:53  Viking  
  118  17:01  Barracks Reactor x2, Barracks Tech Lab x2  
  97  17:02  Viking x2  
  85  17:12  Viking  
  74  17:23  Viking  
  74  17:26  Factory  
  76  17:32  Viking x2  
  78  17:39  Marauder  
  76  17:44  Viking  
  67  17:53  Viking  
  62  18:02  Marauder x2, Marine x2, Viking x2  
  62  18:03  Marine  
Show
View Real Time Build Order
Export as new Build Order

qqq Zerg 

Build Orders: Hatch First, Lurkers 

Get SALT Encoding   

  12  0:00  Drone  
  13  0:10  Drone  
  14  0:29  Overlord  
  14  0:46  Hatchery  
  13  1:02  Spawning Pool  
  12  1:04  Drone  
  13  1:13  Drone  
  13  1:14  Drone  
  16  1:18  Drone  
  16  1:29  Drone  
  17  1:37  Drone  
  18  1:41  Extractor  
  17  1:49  Queen  
  17  1:52  Drone  
  20  2:01  Drone  
  20  2:07  Drone  
  21  2:10  Drone  
  21  2:12  Drone  
  21  2:15  Queen  
  25  2:35  Drone  
  26  2:37  Drone  
  26  2:40  Hatchery  
  26  2:42  Overlord  
  26  2:46  Drone  
  26  2:50  Drone  
  28  2:56  Overlord  
  28  3:03  Lair  
  28  3:08  Drone  
  28  3:09  Drone  
  30  3:14  Drone x2  
  30  3:17  Drone  
  30  3:19  Extractor  
  33  3:20  Drone  
  33  3:26  Drone  
  33  3:27  Drone  
  35  3:32  Drone  
  36  3:34  Metabolic Boost  
  36  3:36  Overlord  
  36  3:40  Zergling x2  
  37  3:55  Spore Crawler  
  37  3:56  Zergling x4  
  37  3:57  Zergling x2  
  39  4:07  Drone x2  
  39  4:08  Drone x3  
  44  4:10  Overlord x2  
  44  4:18  Drone x2  
  44  4:20  Extractor  
  44  4:22  Extractor  
  44  4:25  Hydralisk Den  
  44  4:28  Evolution Chamber  
  44  4:29  Drone x2  
  44  4:30  Evolution Chamber  
  43  4:36  Drone x3  
  43  4:38  Drone  
  47  4:55  Drone x3  
  47  4:56  Drone x2, Zergling x4  
  54  5:15  Spore Crawler  
  54  5:16  Drone x2  
  54  5:17  Zergling x4, Spore Crawler  
  56  5:21  Drone x2  
  56  5:25  Extractor  
  56  5:27  Extractor  
  56  5:34  Drone  
  57  5:40  Drone x4  
  57  5:42  Zergling x2  
  62  5:43  Zergling x2  
  62  5:49  Zerg Missile Weapons Level 1, Zerg Ground Armor Level 1, Lurker Den  
  62  5:51  Muscular Augments  
  62  5:56  Hydralisk  
  64  5:57  Hydralisk  
  64  5:58  Infestation Pit  
  64  6:02  Drone x2  
  64  6:03  Drone x4  
  71  6:06  Spire  
  71  6:07  Drone  
  71  6:12  Spore Crawler  
  71  6:14  Overlord  
  71  6:16  Drone  
  71  6:29  Overlord x2  
  71  6:40  Spore Crawler  
  71  6:43  Spore Crawler  
  71  6:46  Spine Crawler  
  68  6:47  Spore Crawler  
  68  6:49  Spore Crawler  
  66  6:58  Hive  
  66  7:01  Hydralisk x4  
  66  7:05  Drone x3  
  77  7:18  Corruptor x2  
  77  7:21  Corruptor  
  83  7:23  Hatchery, Drone  
  83  7:28  Corruptor  
  85  7:34  Zerg Flyer Armor Level 1  
  85  7:36  Lurker  
  86  7:37  Lurker  
  86  7:39  Lurker  
  86  7:40  Drone  
  86  7:41  Drone  
  90  7:48  Overlord x2  
  90  8:06  Drone x2  
  92  8:17  Drone  
  92  8:18  Hydralisk x2  
  92  8:19  Hydralisk  
  99  8:21  Lurker  
  99  8:22  Lurker x2  
  99  8:25  Seismic Spines  
  100  8:34  Hatchery  
  100  8:35  Queen  
  100  8:36  Drone  
  100  8:37  Drone x2  
  99  8:49  Mutalisk x2  
  99  8:51  Drone  
  99  8:53  Overlord x2  
  99  8:54  Overlord x3  
  104  8:59  Ultralisk Cavern, Zerg Melee Weapons Level 1  
  95  9:15  Corruptor x4  
  80  9:31  Corruptor x4  
  80  9:38  Drone x4  
  80  9:39  Drone x2  
  80  9:43  Spine Crawler  
  80  9:44  Spore Crawler  
  82  9:47  Anabolic Synthesis  
  82  9:54  Corruptor  
  82  9:56  Drone  
  82  9:58  Drone  
  86  10:06  Mutalisk x3  
  92  10:10  Drone  
  92  10:11  Drone x2  
  95  10:16  Ultralisk  
  99  10:29  Chitinous Plating  
  99  10:31  Ultralisk x2  
  111  10:48  Zergling x4, Ultralisk  
  111  10:49  Zergling x6  
  122  10:54  Hatchery  
  122  10:56  Drone x3  
  102  11:18  Mutalisk  
  102  11:19  Mutalisk x5  
  102  11:21  Drone x2  
  102  11:24  Spine Crawler  
  109  11:34  Mutalisk  
  109  11:37  Zerg Flyer Weapons Level 1  
  109  11:39  Mutalisk  
  113  11:42  Drone x2  
  115  11:52  Drone  
  116  11:57  Hatchery  
  116  11:59  Queen  
  117  12:02  Drone  
  117  12:04  Mutalisk x2  
  122  12:08  Hatchery  
  122  12:15  Drone x2  
  123  12:16  Mutalisk x2  
  123  12:19  Drone  
  123  12:20  Spine Crawler  
  123  12:21  Mutalisk  
  129  12:23  Zergling x10  
  129  12:24  Zergling x2  
  129  12:27  Extractor  
  129  12:28  Drone x2, Extractor  
  135  12:34  Queen  
  135  12:36  Viper  
  140  12:39  Drone x2  
  142  12:44  Queen  
  142  12:49  Spine Crawler  
  142  12:50  Drone, Spine Crawler, Spore Crawler  
  142  13:00  Drone x3  
  142  13:01  Mutalisk, Corruptor  
  142  13:03  Overlord x6  
  149  13:08  Drone  
  150  13:14  Drone  
  150  13:17  Spine Crawler  
  150  13:19  Spore Crawler  
  149  13:21  Drone x2  
  149  13:22  Drone x2  
  153  13:28  Viper  
  153  13:29  Mutalisk x2  
  153  13:30  Corruptor x3  
  153  13:31  Zerg Flyer Armor Level 2  
  166  13:44  Spore Crawler  
  166  13:47  Spine Crawler  
  164  13:51  Mutalisk, Corruptor x2  
  164  13:53  Zergling x4, Ultralisk  
  164  13:54  Drone x2, Zergling x2  
  164  13:55  Drone x5  
  186  13:58  Drone  
  186  14:01  Extractor x2  
  186  14:02  Drone x3  
  188  14:03  Drone  
  188  14:05  Spore Crawler  
  186  14:27  Drone  
  186  14:28  Drone x7  
  194  14:31  Zerg Melee Weapons Level 2  
  194  14:32  Zerg Ground Armor Level 2  
  195  14:52  Zergling x2  
  195  14:53  Zergling x8  
  199  15:12  Spine Crawler  
  182  15:15  Spine Crawler  
  133  15:24  Corruptor x5  
  133  15:25  Corruptor x4  
  133  15:26  Corruptor x5  
  133  15:27  Corruptor x2  
  134  15:37  Mutalisk x2  
  134  15:38  Corruptor  
  140  15:44  Spore Crawler  
  140  15:45  Spore Crawler  
  140  15:47  Hydralisk x3, Zerg Flyer Weapons Level 2  
  140  15:48  Hydralisk x3  
  147  15:53  Drone x7  
  144  15:57  Mutalisk x2  
  136  16:11  Mutalisk x2  
  133  16:24  Mutalisk  
  133  16:25  Mutalisk x2  
  129  16:27  Zergling x4  
  129  16:28  Drone x4  
  121  16:35  Viper  
  124  16:40  Drone x3  
  124  16:41  Drone x4  
  124  16:44  Extractor x2, Spore Crawler  
  124  16:45  Spore Crawler  
  124  16:47  Extractor x2  
  126  16:50  Corruptor, Viper  
  129  16:56  Drone x3  
  129  16:57  Zergling x4  
  130  17:03  Drone  
  130  17:04  Drone x2  
  131  17:14  Viper x2  
  137  17:16  Corruptor  
  137  17:17  Zergling x6  
  137  17:18  Drone x3, Zergling x4  
  126  17:36  Spore Crawler x2, Corruptor x2  
  124  17:37  Spore Crawler  
  124  17:38  Spore Crawler x2  
Tags
 
Add a new tag
Caveats
  • Supply blocks, unpowered buildings, or Contaminate may cause inaccurate times.
  • Supply counts are checked every 10 seconds.